 Dungeon Crawl Stone Soup version 0.30.0-10-gfe55d96785 (webtiles) character file.

Game seed: 811708758083227579

5692 DrIncompetent the Protected (level 10, -4/124 HPs)
             Began as an Armataur Fighter on May 16, 2023.
             Was a Believer of Ashenzari.
             Slain by Snorg (13 damage)
             ... on level 10 of the Dungeon.
             The game lasted 01:01:38 (9434 turns).

DrIncompetent the Protected (Armataur Fighter)      Turns: 9434, Time: 01:01:38

Health: -4/124     AC: 24    Str: 26    XL:     10   Next: 47%
Magic:  10/10      EV:  1    Int:  9    God:    Ashenzari [**....]
Gold:   489        SH:  5    Dex:  9    Spells: 9/9 levels left

rFire   + . .        r - +3 morningstar (venom)
rCold   + + +        c - +0 buckler
rNeg    . . .        s - +0 gold dragon scales
rPois   +            k - +0 helmet of the Tethered Sage {Evo, Melee} (curse)
rElec   .            (no cloak)
rCorr   .            (no gloves)
SInv    +            p - +0 barding "Seer of Ashenzari" {Melee, Comp} (curse)
Will    .....        (no amulet) Stlth
                     m - ring of the Tethered Negation {rC+, Fort, Cun} (curse)
HPRegen 0.40/turn    t - ring of protection from cold
MPRegen 0.12/turn

%: roll
@: berserking, studying Staves, very quick
A: large, rugged brown scales 3, deformed body, armoured tail, roll, long
tongue, awkward tongue
a: Renounce Religion, Curse Item, Shatter the Chains


You were on level 10 of the Dungeon.
You worshipped Ashenzari.
Ashenzari was pleased with you.
You visited 1 branch of the dungeon, and saw 10 of its levels.

You collected 489 gold pieces.

Inventory:

Hand Weapons
 a - a +0 flail
 g - a +2 dagger of venom
 n - a +0 sling
 r - a +3 morningstar of venom (weapon)
Missiles
 h - 5 javelins
 u - 8 boomerangs (quivered)
Armour
 c - a +0 buckler (worn)
 f - an orb of light
 k - the cursed +0 helmet of the Tethered Sage (worn) {Evo, Melee}
   (You found it on level 9 of the Dungeon)

   It has a curse which improves the following skills: Evocations: Evocations.
   Melee Combat: Short Blades, Long Blades, Axes, Maces & Flails, Polearms,
   Staves and Unarmed Combat.
 p - the cursed +0 barding "Seer of Ashenzari" (worn) {Melee, Comp}
   (You found it on level 2 of the Dungeon)

   It has a curse which improves the following skills: Melee Combat: Short
   Blades, Long Blades, Axes, Maces & Flails, Polearms, Staves and Unarmed
   Combat.
   Companions: Summonings and Necromancy.
 s - +0 gold dragon scales (worn)
Jewellery
 m - the cursed ring of the Tethered Negation (left hand) {rC+, Fort, Cun}
   (You found it on level 2 of the Dungeon)

   [ring of protection from cold]

   rC:        It protects you from cold.
   It has a curse which improves the following skills: Fortitude: Armour and
   Shields.
   Cunning:   Dodging and Stealth.
 t - a ring of protection from cold (right hand)
 y - a ring of flight
Wands
 v - a wand of charming (16)
 w - a wand of mindburst (10)
 A - a wand of roots (4)
Scrolls
 b - a scroll of blinking
 e - 3 scrolls of butterflies
 i - 3 scrolls of fog
 l - 2 scrolls of vulnerability
 x - a scroll of amnesia
 z - 2 scrolls of identify
Potions
 d - a potion of magic
 j - a potion of brilliance
 o - a potion of might
 q - a potion of cancellation
 B - 2 potions of curing


   Skills:
 + Level 3.8 Fighting
 - Level 10.9(12.6) Maces & Flails
 - Level 12.0(13.0) Armour
 + Level 4.5(5.6) Shields
 + Level 1.4(2.3) Evocations


You had 9 spell levels left.
You didn't know any spells.
Your spell library contained the following spells:

 Spells                   Type           Power      Damage    Failure   Level
 Freeze                   Ice            0%         1d3       100%        1
 Necrotise                Necr           0%         1d4       100%        1
 Blink                    Tloc           0%         N/A       100%        2
 Lesser Beckoning         Tloc           0%         N/A       100%        2
 Momentum Strike          Conj/Tloc      0%         3d8       100%        2
 Frozen Ramparts          Ice            0%         1d1       100%        3
 Hailstorm                Conj/Ice       0%         3d3       100%        3
 Ignite Poison            Fire/Tmut/Pois 0%         N/A       100%        3
 Vampiric Draining        Necr           0%         2d6       100%        3
 Vhi's Electric Charge    Tloc/Air       0%         N/A       100%        3
 Volatile Blastmotes      Fire/Tloc      0%         2d10      100%        3
 Fulminant Prism          Conj/Hex       0%         3d5       100%        4
 Iskenderun's Mystic Bla  Conj/Tloc      0%         2d3       100%        4
 Sticky Flame             Conj/Fire      0%         2d3       100%        4
 Agony                    Necr           0%         N/A       100%        5
 Arcjolt                  Conj/Air       0%         1d10      100%        5
 Lee's Rapid Deconstruct  Erth           0%         3d4*      100%        5
 Ignition                 Fire           0%         3d3       100%        8
 Maxwell's Capacitive Co  Air            0%         ∞         100%        8


Dungeon Overview and Level Annotations

Branches:
Dungeon (10/15)            Temple (0/1) D:6            Lair (0/5) D:8
    Orc: D:9-12

Altars:
Ashenzari
Dithmenos
Elyvilon
Fedhas
Gozag
Kikubaaqudgha
Makhleb
Okawaru
Uskayaw
Yredelemnul
The Shining One

Shops:
D:6 =

Annotations:
D:9 exclusion: orange crystal statue
D:10 Joseph, Snorg


Innate Abilities, Weirdness & Mutations

You are completely covered in rugged brown scales. (AC +3, +7% HP)
Armour fits poorly on your strangely shaped body.
You have a long armoured tail.
You roll when moving toward enemies. (Rampage)
Your long tongue fully drains potion bottles. (2x potion effects)
Your tongue gives you trouble enunciating. (1.5x scroll delay)


Message History

Snorg claws you but does no damage. x2
Joseph sighs, "Being a guard is usually so boring..."
Joseph unwields a +0 quarterstaff.
Joseph wields a +0 sling.
Joseph shoots a sling bullet.
The sling bullet hits you.
Ashenzari invites you to partake of a vision and a curse of elements and fortitude.
A red film seems to cover your vision as you go berserk!
You feel yourself moving faster!
You feel mighty!
You slurp down every last drop of the potion of berserk rage!
Snorg goes berserk!
You puncture Snorg!
Snorg is lightly wounded.
Joseph unwields a +0 sling.
Joseph wields a +0 quarterstaff.
Joseph hits you with a +0 quarterstaff. You block Snorg's attack.
Snorg claws you! x2
You sock Snorg!
Snorg looks as sick as possible!
Snorg is lightly wounded.
You thump Snorg!
Snorg looks as sick as possible!
Snorg is moderately wounded.
Snorg bites you! Snorg claws you. Snorg claws you!
Joseph hits you but does no damage.
You impale Snorg!!
Snorg looks as sick as possible!
Snorg is heavily wounded.
Snorg bites you. Snorg claws you! x2
You puncture Snorg!
Snorg looks as sick as possible!
Your tail-slap misses Snorg.
Snorg is heavily wounded.
Snorg bites you! Snorg claws you! Snorg claws you.
* * * LOW HITPOINT WARNING * * *
Joseph hits you with a +0 quarterstaff.
* * * LOW HITPOINT WARNING * * *
The orc shouts!
You puncture Snorg!
Snorg is severely wounded.
Snorg bites you!!
* * * LOW HITPOINT WARNING * * *
Snorg claws you but does no damage. x2
You barely miss Snorg.
Snorg is severely wounded.
Snorg bites you!
You die...

, , * , , .# ,, , , .+ , * *
, .##### ** * , , * , *
..@..# * , * , , ,* , .....#
,, , ,, , * , .....# *
,##############.....#* *
#.........@T...#* ### ,,
#..........@...#,, , #..
#..............# #.. *
#..............# , *,,,,#..
###?.............###+##+###.)
,
#......)######............#.)
#.......))...#............#..
#.......#....#..o.........#..
#.....(.#....#............#..


You could see Snorg (berserk, extremely poisoned), Joseph (very poisoned) and an
orc.

Vanquished Creatures
  Pikel (D:6)
  Grinder (D:3)
  A hornet (D:9)
  4 yaks
  A shadow (D:10)
  A water moccasin (D:7)
  7 orc warriors
  An acid dragon (D:8)
  3 black bears (D:5)
  An ice beast (D:6)
  A sky beast (D:8)
  An ogre (D:6)
  5 centaurs
  3 kobold brigands (D:8)
  4 bullfrogs
  2 scorpions
  11 wights
  10 killer bees
  5 hounds
  3 orc priests
  A gnoll bouda (D:8)
  2 jellies
  A sleepcap (D:4)
  An iguana (D:5)
  3 orc wizards
  9 adders
  4 gnolls (D:8)
  3 shadow imps
  2 white imps
  3 worms
  2 dart slugs (D:2)
  37 orcs
  3 endoplasms (D:3)
  A giant cockroach (D:1)
  7 goblins
  7 hobgoblins
  2 jackals (D:2)
  21 kobolds
  3 quokkas
  4 ball pythons
  3 bats
  3 frilled lizards
  3 rats
191 creatures vanquished.

Vanquished Creatures (others)
  2 lemures (D:6)
2 creatures vanquished.

Grand Total: 193 creatures vanquished

Notes
Turn   | Place    | Note
-------+----------+-------------------------------------------
     0 | D:1      | DrIncompetent the Armataur Fighter began the quest for the
                  | Orb.
     0 | D:1      | Reached XP level 1. HP: 19/19 MP: 1/1
   661 | D:1      | Reached XP level 2. HP: 25/26 MP: 2/2
  1231 | D:2      | Reached XP level 3. HP: 30/32 MP: 3/3
  1813 | D:3      | Found a faded altar of an unknown god.
  1854 | D:3      | Found a broken altar of Ashenzari.
  1871 | D:3      | Reached XP level 4. HP: 39/39 MP: 4/4
  1935 | D:3      | Became a worshipper of Ashenzari the Shackled
  2120 | D:3      | Noticed Grinder
  2120 | D:3      | Paralysed by Grinder for 4 turns
  2136 | D:3      | Killed Grinder
  2137 | D:3      | Reached skill level 5 in Maces & Flails
  2137 | D:3      | Reached XP level 5. HP: 23/44 MP: 5/5
  2137 | D:3      | Reached XP level 6. HP: 28/53 MP: 6/6
  2320 | D:3      | Found a basalt altar of Yredelemnul.
  2320 | D:3      | Found an ancient bone altar of Kikubaaqudgha.
  2498 | D:3      | Found a shadowy altar of Dithmenos.
  2499 | D:3      | Found an opulent altar of Gozag.
  2501 | D:3      | Found a glowing golden altar of the Shining One.
  2501 | D:3      | Found an iron altar of Okawaru.
  2502 | D:3      | Found a hide-covered altar of Uskayaw.
  2504 | D:3      | Found a blossoming altar of Fedhas.
  2508 | D:3      | Found a white marble altar of Elyvilon.
  2750 | D:4      | Reached skill level 4 in Armour
  2821 | D:4      | Found a burning altar of Makhleb.
  3577 | D:4      | Reached XP level 7. HP: 50/50 MP: 7/7
  3592 | D:4      | Reached skill level 5 in Armour
  4216 | D:5      | Entered Level 5 of the Dungeon
  4381 | D:5      | Reached skill level 6 in Armour
  4546 | D:5      | Reached XP level 8. HP: 60/66 MP: 8/8
  4946 | D:5      | Reached skill level 7 in Armour
  5046 | D:6      | Found Afuegol's Jewellery Boutique.
  5064 | D:5      | Reached * piety under Ashenzari
  5144 | D:6      | Noticed Pikel
  5173 | D:6      | Killed Pikel
  5174 | D:6      | Reached skill level 8 in Armour
  5533 | D:6      | Reached skill level 9 in Armour
  5544 | D:6      | Reached XP level 9. HP: 71/72 MP: 9/9
  5610 | D:6      | Found a staircase to the Ecumenical Temple.
  6117 | D:7      | Reached skill level 10 in Armour
  7456 | D:8      | Reached skill level 10 in Maces & Flails
  7472 | D:8      | Reached skill level 11 in Armour
  7972 | D:8      | Found a staircase to the Lair.
  7992 | D:8      | Reached XP level 10. HP: 76/79 MP: 10/10
  8407 | D:9      | Reached skill level 12 in Armour
  8795 | D:9      | Noticed an orange crystal statue
  8863 | D:9      | Reached ** piety under Ashenzari
  8972 | D:9      | Identified the +4 dagger of True Grit {flame, +Blink rF++
                  | Stlth+}
  9201 | D:10     | Entered Level 10 of the Dungeon
  9375 | D:10     | Reached skill level 1 in Evocations
  9414 | D:10     | Noticed Joseph
  9422 | D:10     | Noticed Snorg
  9434 | D:10     | Slain by Snorg

Illustrated notes

Levels and vault maps discovered:
D:1:      dpeg_arrival_yet_another_circle, layout_loops_corners,
          grunt_decor_mini_mirrors
D:2:      layout_loops_ring, st_stairs_12, feat_on_display
D:3:      layout_loops_ring, ashenzari_conservatory_becter,
          nicolae_overflow_hallway_of_the_gods,
          hellmonk_ecumenical_altar_leap_of_faith, minmay_pentomino_pile,
          uniq_grinder
D:4:      layout_basic, makhleb_heckhound_becter
D:5:      layout_gridville, serial_glass, glass_columns_c, glass_columns_b,
          minmay_manual_mandibuliform
D:6:      layout_loops_ring, temple_fountains, serial_shops,
          nicolae_stop_n_shop_1, minmay_misc_feat_secret_circle,
          wad_rectangle_vault, uniq_pikel
D:7:      layout_layer_cave
D:8:      layout_rooms, lair_entry_dummy, st_stairs_9, lightli_orcish_oven
D:9:      layout_rooms, minivault_15
D:10:     layout_gridville, special_room [special_room_orc],
          hangedman_decor_points, uniq_snorg, uniq_joseph

Skill      XL: |  1  2  3  4  5  6  7  8  9 10 |
---------------+-------------------------------+-----
Maces & Flails | 2 3 4 5 6 7 8 10 | 10.9
Armour         | 4 6 9 11 12 | 12.0
Fighting       | 3 |  3.8
Shields        | 4 |  4.5
Evocations     | 1 |  1.4

Action                     |  1- 3 |  4- 6 |  7- 9 | 10-12 || total
---------------------------+-------+-------+-------+-------++-------
  Melee: Flail             |    88 |    73 |       |       ||   161
         Tailslap          |     8 |     9 |    26 |     6 ||    49
         Morningstar       |       |    12 |   309 |   114 ||   435
  Throw: Stone             |       |       |    11 |       ||    11
         Boomerang         |       |       |       |    21 ||    21
 Invoke: Curse Item        |       |     1 |     1 |     1 ||     3
  Evoke: Wand              |       |     1 |     5 |     1 ||     7
    Use: Scroll            |     5 |     5 |     4 |     1 ||    15
         Potion            |       |     2 |     3 |     1 ||     6
 Armour: Scale mail        |     7 |       |       |       ||     7
         Plate armour      |    36 |       |       |       ||    36
         Gold dragon scale |     2 |    73 |   315 |   102 ||   492
  Dodge: Dodged            |    16 |     1 |    10 |     9 ||    36
  Block: Buckler           |    19 |    14 |    50 |    23 ||   106
